 Dungeon Crawl Stone Soup version 0.28.0-43-g3370ac3207 (webtiles) character file.

Game seed: 691395488397426847

30 Kaptain the Digger (level 3, -3/20 HPs)
             Began as a Gargoyle Earth Elementalist on Mar 17, 2022.
             Killed from afar by Sigmund (8 damage)
             ... with a puff of flame
             ... on level 2 of the Dungeon.
             The game lasted 00:02:51 (1965 turns).

Kaptain the Digger (Gargoyle Earth Elementalist)    Turns: 1965, Time: 00:02:52

Health: -3/20      AC:  7    Str: 11    XL:     3   Next: 18%
Magic:  0/6        EV: 11    Int: 17    God:
Gold:   37         SH:  0    Dex: 10    Spells: 2/6 levels left

rFire   . . .      SeeInvis .   j - +0 short sword
rCold   . . .      Faith    .   (no shield)
rNeg    + . .      Spirit   .   g - +0 leather armour
rPois   ∞          Reflect  .   (no helmet)
rElec   +          Harm     .   e - +0 cloak
rCorr   .          Rampage  .   (no gloves)
Will    .....                   (no boots)
Stlth   ++........              k - amulet of the acrobat
HPRegen 0.06/turn               (no ring)
MPRegen 0.10/turn               (no ring)

@: very slightly contaminated
A: sickness immunity, AC +3, negative energy resistance 1, electricity
resistance, torment resistance 1, petrification resistance
a: no special abilities


You were on level 2 of the Dungeon.
You visited 1 branch of the dungeon, and saw 2 of its levels.

You collected 37 gold pieces.

Inventory:

Hand Weapons
 b - a +0 dagger
 j - a +0 short sword (weapon)
Armour
 d - a +0 chain mail
 e - a +0 cloak (worn)
 g - a +0 leather armour (worn)
Jewellery
 k - an amulet of the acrobat (around neck)
Scrolls
 a - a scroll of noise {unknown}
 i - a scroll of blinking {unknown}
 l - a scroll of fear {unknown}
 m - a scroll of teleportation {unknown}
 n - a scroll of vulnerability {unknown}
Potions
 f - a potion of degeneration {unknown}
 h - a potion of mutation {unknown}
 o - a potion of flight {unknown}


   Skills:
 * Level 1.0 Fighting
 + Level 0.6 Armour
 + Level 1.8 Dodging
 - Level 2.1 Stealth
 * Level 2.2 Spellcasting
 * Level 1.1 Conjurations
 - Level 0.7 Transmutations
 * Level 4.0 Earth Magic


You had 2 spell levels left.
You knew the following spells:

 Your Spells              Type           Power      Damage    Failure   Level
a - Sandblast             Erth           30%        2d9       4%          1
b - Stone Arrow           Conj/Erth      20%        3d8       26%         3

Your spell library contained the following spells:

 Spells                   Type           Power      Damage    Failure   Level
 Passwall                 Tmut/Erth      7%         N/A       14%         2
 Gell's Gravitas          Tloc           1%         N/A       58%         3
 Lesser Beckoning         Tloc           1%         N/A       58%         3
 Teleport Other           Tloc           1%         N/A       58%         3
 Petrify                  Tmut/Erth      9%         N/A       67%         4


Dungeon Overview and Level Annotations

Branches:
Dungeon (2/15)

Altars:

Annotations:
D:2 Sigmund


Innate Abilities, Weirdness & Mutations

You are immune to sickness and miasma.
Your stone body is resilient. (AC +3)
You are immune to poison.
You resist negative energy. (rN+)
You are resistant to electric shocks. (rElec)
You are resistant to unholy torment.
You are immune to petrification.


Message History

Sigmund completely misses you.
You barely miss Sigmund. Sigmund hits you with a +0 scythe.
Unknown command.
Casting: Sandblast (safe; 4% risk of failure)
Confirm with . or Enter, or press ? or * to list all spells.
Aiming: Sandblast (safe; 4% risk of failure)
Press: ? - help, Shift-Dir - straight line, f - Sigmund
Aim: Sigmund, wielding a +0 scythe, wearing a +0 robe and carrying a wand of flame (30) (77% to hit)
The blast of sand hits Sigmund!
Sigmund is moderately wounded.
Unknown command.
Casting: Sandblast (safe; 4% risk of failure)
Confirm with . or Enter, or press ? or * to list all spells.
Aiming: Sandblast (safe; 4% risk of failure)
Press: ? - help, Shift-Dir - straight line, f/p - Sigmund
Aim: Sigmund, wielding a +0 scythe, wearing a +0 robe and carrying a wand of flame (30) (moderately wounded, 77% to hit)
The blast of sand hits Sigmund!
Sigmund is heavily wounded.
Sigmund zaps a wand.
The puff of flame hits you!
Ouch! That really hurt!
* * * LOW HITPOINT WARNING * * *
Casting: Sandblast (safe; 4% risk of failure)
Confirm with . or Enter, or press ? or * to list all spells.
Aiming: Sandblast (safe; 4% risk of failure)
Press: ? - help, Shift-Dir - straight line, f/p - Sigmund
Aim: Sigmund, wielding a +0 scythe, wearing a +0 robe and carrying a wand of flame (29) (heavily wounded, 77% to hit)
The blast of sand hits Sigmund.
Sigmund is heavily wounded.
You now have no stones remaining.
Sigmund closely misses you.
Casting: Sandblast (safe; 4% risk of failure)
Confirm with . or Enter, or press ? or * to list all spells.
The spell is extremely dangerous to miscast (26% risk of failure)!
Continue anyway?
Aiming: Stone Arrow (extremely dangerous; 26% risk of failure)
Press: ? - help, Shift-Dir - straight line, f/p - Sigmund
Aim: Sigmund, wielding a +0 scythe, wearing a +0 robe and carrying a wand of flame (29) (heavily wounded, 64% to hit)
You miscast Stone Arrow.
You are very lightly contaminated with residual magic.
Rocks fall onto you out of nowhere.
Sigmund zaps a wand.
The puff of flame hits you!
You die...

####### #.....# ###
#.....# #..
###.....###.# .
........'.... ...
###.....#.#.#
...!.###############.#.#
.....b@@...........#.#.#
.#################...#..
#......### #....).###
+......... #....#.###
......#..#. ##.....#..#.
#.....#..#


You could see Sigmund and a bat.

Vanquished Creatures
  A dart slug (D:1)
  A bat (D:1)
  3 endoplasms (D:1)
  4 giant cockroaches (D:1)
  3 goblins (D:1)
  2 hobgoblins
  2 quokkas (D:1)
  2 ball pythons
  2 frilled lizards (D:1)
  4 rats
24 creatures vanquished.

Vanquished Creatures (others)
  2 fungi (D:2)
  6 plants (D:2)
8 creatures vanquished.

Grand Total: 32 creatures vanquished

Notes
Turn   | Place    | Note
-------+----------+-------------------------------------------
     0 | D:1      | Kaptain the Gargoyle Earth Elementalist began the quest for
                  | the Orb.
     0 | D:1      | Reached XP level 1. HP: 10/10 MP: 3/3
   535 | D:1      | Reached XP level 2. HP: 16/16 MP: 0/5
  1220 | D:1      | Reached skill level 1 in Conjurations
  1250 | D:1      | Reached XP level 3. HP: 20/20 MP: 3/6
  1400 | D:1      | Reached skill level 1 in Fighting
  1776 | D:2      | Reached skill level 4 in Earth Magic
  1955 | D:2      | Noticed Sigmund
  1960 | D:2      | Learned a level 3 spell: Stone Arrow
  1965 | D:2      | Killed from afar by Sigmund

Illustrated notes

Levels and vault maps discovered:
D:1:      ebering_trefoil_twist, layout_basic, hangedman_decor_diamond_cutter,
          chequers_arboretum, minmay_domino_2
D:2:      layout_basic, dreamdust_ecumenical_altar_hidden_monk_grotto,
          uniq_natasha, uniq_sigmund

Skill      XL: |  1  2  3 |
---------------+----------+-----
Conjurations   | 1 |  1.1
Fighting       | 1 |  1.0
Earth Magic    | 4 |  4.0
Armour         | |  0.6
Dodging        | |  1.8
Stealth        | |  2.1
Spellcasting   | |  2.2
Transmutations | |  0.7

Action                   || total
-------------------------++-------
Melee: Unarmed           ||     7
       Dagger            ||     6
       Short sword       ||    15
 Cast: Sandblast         ||    30
 Stab: Sleeping          ||     1
Armor: Robe              ||     4
       Leather armour    ||     7
Dodge: Dodged            ||    38
